[Event "ICC tourney 2411 (45 10)"]
[Site "Internet Chess Club"]
[Date "2021.02.27"]
[Round "1"]
[White "KRISHNAN, ASHVATH:ashvathk5"]
[Black "AHN, WILLIAM TK:kitook"]
[Result "1-0"]
[ICCResult "Black checkmated"]
[WhiteElo "1177"]
[BlackElo "659"]
[Opening "Ruy Lopez: Anderssen variation"]
[ECO "C77"]
[NIC "RL.12"]
[Time "11:03:07"]
[PlyCount "55"]
[TimeControl "2700+10"]

1. e4 e5 2. Nf3 Nc6 3. Bb5 a6 4. Ba4 Nf6 5. d3 b5 6. Bb3 Be7 7. c3 O-O 8.
O-O d5 9. Qe2 Re8 10. Nbd2 Bb7 11. Re1 Na5 12. Bc2 dxe4 13. dxe4 Bc5 14. h3
Qe7 15. b4 Bxb4 16. cxb4 Qxb4 17. Nf1 Nc4 18. Ng3 Nd6 19. Bg5 Re6 20. Bb3
Re7 21. Bxf6 gxf6 22. Nh4 Kf8 23. Nhf5 Nxf5 24. Nxf5 Rd7 25. Qg4 Rad8 26.
a3 Qxb3 27. Qg7+ Ke8 28. Qg8# { Black checkmated } 1-0

[Event "ICC tourney 2411 (45 10)"]
[Site "Internet Chess Club"]
[Date "2021.02.27"]
[Round "1"]
[White "YADHUNANDAN, ADIDEV:Yadhunandan"]
[Black "BAREKET, NIMROD:nb12"]
[Result "0-1"]
[ICCResult "White checkmated"]
[WhiteElo "796"]
[BlackElo "1212"]
[Opening "Grünfeld: Grünfeld gambit"]
[ECO "D83"]
[NIC "GI.03"]
[Time "11:03:03"]
[PlyCount "52"]
[TimeControl "2700+10"]

1. d4 Nf6 2. c4 g6 3. Nc3 d5 4. Bf4 Bg7 5. e3 O-O 6. Qc2 Re8 7. O-O-O a6 8.
cxd5 Bf5 9. Bd3 Bxd3 10. Qxd3 Nxd5 11. Nxd5 Qxd5 12. b3 Qxg2 13. Ne2 Nd7
14. Bg3 Nf6 15. d5 Qe4 16. Qxe4 Nxe4 17. Rhf1 Red8 18. Bxc7 Rac8 19. f3
Rxc7+ 20. Kb1 Nc3+ 21. Nxc3 Rxc3 22. e4 Rdc8 23. h4 Rc2 24. a4 Rb2+ 25. Ka1
Rcc2 26. Rb1 Ra2# { White checkmated } 0-1

[Event "ICC tourney 2411 (45 10)"]
[Site "Internet Chess Club"]
[Date "2021.02.27"]
[Round "1"]
[White "TORRALVA, ANTHONY:chesslife06"]
[Black "HAN, DANIEL YUHAO:DanielHan"]
[Result "1-0"]
[ICCResult "Black checkmated"]
[WhiteElo "1138"]
[BlackElo "598"]
[Opening "King's Indian defense"]
[ECO "E60"]
[NIC "KI.80"]
[Time "11:03:05"]
[PlyCount "101"]
[TimeControl "2700+10"]

1. d4 Nf6 2. c4 g6 3. Bf4 d5 4. e3 c6 5. Nc3 Ne4 6. Nxe4 dxe4 7. c5 Bf5 8.
Bc4 Qa5+ 9. Qd2 Qxd2+ 10. Kxd2 Bg7 11. Rd1 O-O 12. Kc1 Rd8 13. Ne2 Na6 14.
a3 b5 15. Ba2 Bg4 16. Rhe1 Bf5 17. h3 h6 18. Bh2 h5 19. d5 cxd5 20. Rxd5
Rxd5 21. Bxd5 Rc8 22. b4 e6 23. Bb7 Rd8 24. Bxa6 Bc3 25. Nxc3 Rb8 26. Bxb5
Rd8 27. Rd1 Rxd1+ 28. Kxd1 g5 29. Bc6 g4 30. Bxe4 gxh3 31. gxh3 Bxh3 32.
Kc2 h4 33. Kb3 e5 34. Bxe5 Bg4 35. c6 Bc8 36. c7 Kf8 37. Bb7 Bxb7 38. Nb5
Ke8 39. Nd6+ Kd7 40. c8=Q+ Bxc8 41. Nxc8 Kxc8 42. Kc4 Kd7 43. Kc5 Ke6 44.
Bd6 Kd7 45. a4 Kc8 46. b5 Kb7 47. a5 Ka8 48. b6 a6 49. Kc6 f5 50. b7+ Ka7
51. b8=Q# { Black checkmated } 1-0

[Event "ICC tourney 2411 (45 10)"]
[Site "Internet Chess Club"]
[Date "2021.02.27"]
[Round "1"]
[White "Singh, Saharsh:saharshsingh02"]
[Black "GILILLAND, JESSE:ThirstyMonster"]
[Result "0-1"]
[ICCResult "White resigns"]
[WhiteElo "914"]
[BlackElo "1283"]
[Opening "Sicilian defense"]
[ECO "B44"]
[NIC "SI.39"]
[Time "11:03:02"]
[PlyCount "110"]
[TimeControl "2700+10"]

1. e4 c5 2. Nf3 e6 3. d4 cxd4 4. Nxd4 Nc6 5. Nb3 Nf6 6. Nc3 Bb4 7. Qd3 d5
8. exd5 Nxd5 9. Bd2 Nxc3 10. Bxc3 Qxd3 11. Bxd3 Bxc3+ 12. bxc3 O-O 13. O-O
b6 14. Nd4 Bb7 15. Nxc6 Bxc6 16. a4 Rfc8 17. Rfe1 Bd5 18. Re3 g6 19. Be4
Bxe4 20. Rxe4 Rxc3 21. Rc1 Rac8 22. h4 Rxc2 23. Rxc2 Rxc2 24. Rd4 Rc7 25.
a5 bxa5 26. Ra4 Rc5 27. Kf1 Kg7 28. Ke2 a6 29. Kd3 Rb5 30. Kc4 Rb4+ 31.
Rxb4 axb4 32. Kxb4 Kf6 33. f3 Kf5 34. g4+ Kf4 35. h5 Kxf3 36. hxg6 hxg6 37.
g5 Kf4 38. Ka5 Kxg5 39. Kxa6 Kf5 40. Kb5 Ke5 41. Kc4 f5 42. Kd3 g5 43. Ke3
Kf6 44. Kf3 e5 45. Kf2 e4 46. Ke3 Ke5 47. Ke2 f4 48. Kf2 Kd4 49. Ke2 g4 50.
Kf2 g3+ 51. Kg2 Ke3 52. Kf1 f3 53. Ke1 Kd3 54. Kd1 e3 55. Ke1 g2 { White
resigns } 0-1

[Event "ICC tourney 2411 (45 10)"]
[Site "Internet Chess Club"]
[Date "2021.02.27"]
[Round "1"]
[White "RAMKUMAR, NIKHIL:nikhilramkumar"]
[Black "MILLER, KENNETH LOREN:boxingguy2469x"]
[Result "0-1"]
[ICCResult "White resigns"]
[WhiteElo "583"]
[BlackElo "1064"]
[Opening "Giuoco Piano"]
[ECO "C50"]
[NIC "IG.02"]
[Time "11:03:54"]
[PlyCount "44"]
[TimeControl "2700+10"]

1. e4 e5 2. Nf3 Nc6 3. Bc4 Bc5 4. Nc3 d6 5. h3 Nf6 6. d3 O-O 7. Bg5 Be6 8.
Nd5 Bxd5 9. Bxd5 h6 10. Bh4 g5 11. Bg3 Nxd5 12. exd5 h5 13. Qd2 h4 14. Bxh4
gxh4 15. dxc6 bxc6 16. Qh6 f6 17. Nxh4 Rf7 18. Qd2 Rg7 19. Rg1 Qd7 20.
O-O-O Qe6 21. Qa5 Bxf2 22. Rgf1 Bxh4 { White resigns } 0-1

[Event "ICC tourney 2411 (45 10)"]
[Site "Internet Chess Club"]
[Date "2021.02.27"]
[Round "1"]
[White "SARAVANAN, ARYA:aryasaravanan"]
[Black "EKSTROM, ROLAND GABRIEL:EkstromVT2"]
[Result "1-0"]
[ICCResult "Black checkmated"]
[WhiteElo "1214"]
[BlackElo "851"]
[Opening "French: advance, Paulsen attack"]
[ECO "C02"]
[NIC "FR.03"]
[Time "11:03:06"]
[PlyCount "89"]
[TimeControl "2700+10"]

1. e4 e6 2. d4 d5 3. e5 c5 4. c3 Nc6 5. Nf3 Qb6 6. Be2 cxd4 7. cxd4 Bb4+ 8.
Nc3 Nge7 9. a3 Bxc3+ 10. bxc3 O-O 11. O-O Nf5 12. Bd3 Bd7 13. Bc2 Nce7 14.
g4 Nh6 15. Bxh6 gxh6 16. h4 Kh8 17. Qd3 f5 18. exf6 Rf7 19. Ne5 Raf8 20.
Nxd7 Qd8 21. fxe7 Qxe7 22. Nxf8 Qxf8 23. f4 Qg7 24. Qxh7+ Qxh7 25. Bxh7
Rxh7 26. Kg2 Rg7 27. Kg3 Kh7 28. Rab1 h5 29. g5 Kg6 30. Rfe1 Kf5 31. Re5+
Kg6 32. Rxe6+ Kh7 33. Rbe1 Rc7 34. Re7+ Rxe7 35. Rxe7+ Kg6 36. Rxb7 Kf5 37.
Rxa7 Ke4 38. Re7+ Kd3 39. g6 Kxc3 40. g7 Kxd4 41. g8=Q Kc5 42. Qd8 d4 43.
Rc7+ Kb6 44. Qb8+ Ka6 45. Ra7# { Black checkmated } 1-0

[Event "ICC tourney 2411 (45 10)"]
[Site "Internet Chess Club"]
[Date "2021.02.27"]
[Round "1"]
[White "RALLS, GREG:GRPianoman"]
[Black "RIZZO, THOMAS:twrchess"]
[Result "0-1"]
[ICCResult "White checkmated"]
[WhiteElo "987"]
[BlackElo "1378"]
[Opening "French defense"]
[ECO "C00"]
[NIC "FR.01"]
[Time "11:03:23"]
[PlyCount "70"]
[TimeControl "2700+10"]

1. e4 e6 2. Nf3 d5 3. d4 dxe4 4. Ne5 Nf6 5. Be3 Bd6 6. Bc4 Bxe5 7. dxe5
Qxd1+ 8. Kxd1 Nd5 9. Bf4 Nxf4 10. g3 Ng6 11. Nc3 Nxe5 12. Bb5+ c6 13. Ba4
f5 14. b4 O-O 15. Bb3 Na6 16. b5 Nc5 17. a4 Nxb3 18. cxb3 Rd8+ 19. Kc2 Bd7
20. bxc6 Bxc6 21. b4 Nf3 22. b5 Rd2+ 23. Kb3 Bd5+ 24. Nxd5 exd5 25. Rac1
Rb8 26. Rc7 Nd4+ 27. Kc3 Rd3+ 28. Kb4 Kf8 29. Rhc1 Ne6 30. R7c2 b6 31. Rc6
Nd4 32. Rc8+ Rxc8 33. Rxc8+ Kf7 34. Rc7+ Kg6 35. Rxa7 Rb3# { White
checkmated } 0-1

[Event "ICC tourney 2411 (45 10)"]
[Site "Internet Chess Club"]
[Date "2021.02.27"]
[Round "1"]
[White "procopio, Patti:prostripe"]
[Black "WU, SEAN HAN:dum2020arEEEWS"]
[Result "1-0"]
[ICCResult "Black checkmated"]
[WhiteElo "1246"]
[BlackElo "907"]
[Opening "Queen's pawn: London system"]
[ECO "A45"]
[NIC "QP.07"]
[Time "11:03:07"]
[PlyCount "209"]
[TimeControl "2700+10"]

1. d4 Nf6 2. Bf4 d5 3. Nd2 Bf5 4. c3 e6 5. Ngf3 Bd6 6. Bxd6 cxd6 7. h3 O-O
8. Nh4 Bg6 9. Nxg6 fxg6 10. e3 Qb6 11. Qb3 Qxb3 12. Nxb3 Ne4 13. f3 Ng5 14.
Be2 Nc6 15. O-O a5 16. h4 Nf7 17. e4 dxe4 18. fxe4 a4 19. Nd2 a3 20. b3 e5
21. d5 Ne7 22. Bg4 g5 23. h5 Nh6 24. Be6+ Kh8 25. Nc4 Rfd8 26. Rf2 b5 27.
Ne3 Ra7 28. Raf1 Rc7 29. Rf8+ Rxf8 30. Rxf8+ Nhg8 31. c4 h6 32. Kf2 bxc4
33. Nxc4 Kh7 34. Bf5+ Nxf5 35. Rxf5 Nf6 36. Nxa3 Ra7 37. Nc4 Rxa2+ 38. Kf3
Nxh5 39. Nxd6 Ra3 40. Rxe5 Rxb3+ 41. Kg4 Nf6+ 42. Kf5 Rb2 43. g3 Rg2 44.
Re7 Rxg3 45. e5 Nxd5 46. Rf7 Rf3+ 47. Ke6 Nc7+ 48. Rxc7 g4 49. Ne4 g3 50.
Nxg3 Rxg3 51. Ke7 Re3 52. e6 h5 53. Rc6 h4 54. Kf8 h3 55. e7 h2 56. Rc1
Rf3+ 57. Ke8 Rf2 58. Rd1 g5 59. Kd8 Re2 60. e8=Q Rxe8+ 61. Kxe8 g4 62. Rh1
g3 63. Kf7 Kh6 64. Kf6 Kh5 65. Kf5 Kh4 66. Kf4 Kh3 67. Kf3 Kh4 68. Kg2 Kg4
69. Re1 Kf4 70. Ra1 Kg4 71. Ra4+ Kg5 72. Re4 Kf5 73. Re3 Kf4 74. Rf3+ Ke4
75. Rxg3 h1=Q+ 76. Kxh1 Kf4 77. Kh2 Ke4 78. Kg2 Kf5 79. Kh3 Kf4 80. Kh4 Ke4
81. Kg4 Ke5 82. Rf3 Ke4 83. Rf4+ Ke5 84. Kg5 Ke6 85. Kg6 Ke5 86. Kg5 Ke6
87. Rf5 Kd6 88. Kf4 Ke6 89. Ke4 Kd6 90. Re5 Kd7 91. Kd4 Kd6 92. Ke4 Kc6 93.
Rd5 Kb6 94. Kd4 Kc6 95. Ke5 Kb6 96. Kd6 Kb7 97. Rc5 Kb6 98. Kd5 Kb7 99. Rc6
Kb8 100. Kd6 Kb7 101. Kc5 Ka7 102. Rb6 Ka8 103. Kc6 Ka7 104. Kc7 Ka8 105.
Ra6# { Black checkmated } 1-0

[Event "ICC tourney 2411 (45 10)"]
[Site "Internet Chess Club"]
[Date "2021.02.27"]
[Round "1"]
[White "Sathu, Aarnav:aarnavsathu"]
[Black "Hu, Ruyi:Ruyi"]
[Result "1-0"]
[ICCResult "Black checkmated"]
[WhiteElo "1055"]
[BlackElo "357"]
[Opening "Réti: King's Indian attack (Barcza system)"]
[ECO "A07"]
[NIC "QP.09"]
[Time "11:03:10"]
[PlyCount "143"]
[TimeControl "2700+10"]

1. Nf3 d5 2. g3 Nc6 3. Bg2 e5 4. d3 Nf6 5. Nbd2 Bd6 6. O-O O-O 7. e4 dxe4
8. Nxe4 Nxe4 9. dxe4 Bg4 10. Re1 Nd4 11. c3 Nxf3+ 12. Bxf3 Bxf3 13. Qxf3 h6
14. Be3 Qe7 15. Rad1 Bc5 16. Bxc5 Qxc5 17. Qe3 Qb6 18. Qxb6 axb6 19. a3
Rad8 20. Rd5 c6 21. Rxe5 Rd2 22. Re7 Rxb2 23. Rxb7 Rc2 24. Rxb6 Rxc3 25.
Ra1 Ra8 26. a4 Rc5 27. a5 Raxa5 28. Rxa5 Rxa5 29. Rxc6 Kf8 30. Kg2 Ke7 31.
Rb6 Kd7 32. Rb7+ Ke6 33. h4 Ra4 34. Kf3 g6 35. Rb8 g5 36. Rb6+ Ke5 37. Rxh6
gxh4 38. Rxh4 Ra3+ 39. Kg2 Ra4 40. Rh5+ Kf6 41. Kf3 Ke6 42. Kf4 f6 43. g4
Ra2 44. f3 Ra4 45. g5 fxg5+ 46. Rxg5 Kf6 47. Rd5 Ke6 48. Ke3 Ra3+ 49. Rd3
Ra5 50. f4 Rb5 51. f5+ Ke5 52. Rd5+ Rxd5 53. exd5 Kxf5 54. Kd4 Kf6 55. Kc5
Ke7 56. Kc6 Kd8 57. Kd6 Ke8 58. Kc7 Ke7 59. d6+ Ke6 60. d7 Ke5 61. d8=Q Ke4
62. Qd6 Ke3 63. Qd5 Kf4 64. Qe6 Kf3 65. Qe5 Kf2 66. Qe4 Kg1 67. Qc2 Kh1 68.
Kd6 Kg1 69. Ke5 Kh1 70. Kf4 Kg1 71. Kg3 Kh1 72. Qd1# { Black checkmated }
1-0

[Event "ICC tourney 2411 (45 10)"]
[Site "Internet Chess Club"]
[Date "2021.02.27"]
[Round "1"]
[White "PRABHU, VARUN:varunprabhu"]
[Black "BLIZNIUK, STANISLAW:Sbliz20"]
[Result "0-1"]
[ICCResult "White checkmated"]
[WhiteElo "725"]
[BlackElo "1180"]
[Opening "Sicilian defense"]
[ECO "B30"]
[NIC "SI.31"]
[Time "11:03:06"]
[PlyCount "66"]
[TimeControl "2700+10"]

1. e4 c5 2. Nf3 Nc6 3. Bc4 Nf6 4. Nc3 e6 5. O-O d5 6. exd5 exd5 7. Bb5 Bd6
8. d4 O-O 9. dxc5 Bxc5 10. Bg5 h6 11. Bxf6 Qxf6 12. Nxd5 Qxb2 13. Bxc6 bxc6
14. Nf4 Re8 15. Nd3 Qb6 16. Qd2 Bd6 17. h3 Bf5 18. c4 Qc7 19. Kh1 Rab8 20.
c5 Be7 21. Rfc1 Qd7 22. Nfe5 Qd4 23. Rc3 Bg5 24. f4 Rxe5 25. Rd1 Bxd3 26.
fxg5 Rxg5 27. Rxd3 Qxc5 28. Rd8+ Rxd8 29. Qxd8+ Kh7 30. Qd3+ Kh8 31. Qd8+
Kh7 32. Re1 Qd5 33. Qe8 Qxg2# { White checkmated } 0-1

[Event "ICC tourney 2411 (45 10)"]
[Site "Internet Chess Club"]
[Date "2021.02.27"]
[Round "1"]
[White "STALEY, TIMOTHY:PirateKing"]
[Black "SAPRU, AGASTYA:auggie29"]
[Result "0-1"]
[ICCResult "White resigns"]
[WhiteElo "922"]
[BlackElo "1306"]
[Opening "Queen's bishop game"]
[ECO "A45"]
[NIC "QP.07"]
[Time "11:03:05"]
[PlyCount "108"]
[TimeControl "2700+10"]

1. d4 Nf6 2. Bf4 d5 3. Nf3 Bf5 4. e3 e6 5. Bd3 Bg6 6. O-O Bd6 7. Bxd6 cxd6
8. Qe2 O-O 9. Nbd2 Nc6 10. c3 e5 11. dxe5 dxe5 12. Bxg6 hxg6 13. Rad1 Re8
14. a3 Qe7 15. c4 e4 16. Nd4 Qe5 17. N2b3 Rad8 18. f4 exf3 19. Rxf3 Ng4 20.
Rg3 Nxe3 21. Rd3 Nxd4 22. Nxd4 dxc4 23. Rdxe3 Qxd4 24. Kf1 Rxe3 25. Rxe3
Kf8 26. Rc3 Qd1+ 27. Qxd1 Rxd1+ 28. Kf2 Rd2+ 29. Kf1 Rxb2 30. Rxc4 a6 31.
a4 b5 32. axb5 axb5 33. Rc1 f5 34. h3 Kf7 35. Rc7+ Kf6 36. h4 b4 37. Rc6+
Kf7 38. Rc7+ Kg8 39. Rc6 Kh7 40. Kg1 b3 41. Kh2 Rb1 42. Rb6 b2 43. Rb4 Kh6
44. Kh3 Rh1+ 45. Kg3 b1=Q 46. Rxb1 Rxb1 47. Kf3 Kh5 48. g4+ fxg4+ 49. Kg3
Rb3+ 50. Kg2 Kxh4 51. Kh2 g3+ 52. Kg2 Kg4 53. Kg1 Rb2 54. Kh1 Kf3 { White
resigns } 0-1

[Event "ICC tourney 2411 (45 10)"]
[Site "Internet Chess Club"]
[Date "2021.02.27"]
[Round "1"]
[White "GUO, RYAN:SMILERG"]
[Black "SHAPIRO, NATHAN:nathanshapiro"]
[Result "1-0"]
[ICCResult "Black checkmated"]
[WhiteElo "1283"]
[BlackElo "916"]
[Opening "King's Indian: London system"]
[ECO "A48"]
[NIC "QP.03"]
[Time "11:03:05"]
[PlyCount "67"]
[TimeControl "2700+10"]

1. d4 Nf6 2. Nf3 g6 3. Bf4 Bg7 4. e3 d6 5. Bd3 O-O 6. c3 h6 7. Nbd2 Re8 8.
Qc2 Nh5 9. Bg3 Nd7 10. O-O Nxg3 11. fxg3 e5 12. d5 Nc5 13. Rf2 c6 14. c4
Qb6 15. e4 g5 16. b3 Bg4 17. Raf1 a5 18. h3 Bh5 19. g4 Bg6 20. h4 cxd5 21.
cxd5 Rac8 22. Nc4 Qa7 23. Nxd6 Nxe4 24. Nxc8 Rxc8 25. Qxc8+ Kh7 26. Bxe4
Bxe4 27. hxg5 Bxd5 28. gxh6 Bxh6 29. Kh1 Bf4 30. Ng5+ Bxg5 31. Rxf7+ Bxf7
32. Rxf7+ Kh6 33. Qe6+ Bf6 34. Qxf6# { Black checkmated } 1-0

[Event "ICC tourney 2411 (45 10)"]
[Site "Internet Chess Club"]
[Date "2021.02.27"]
[Round "1"]
[White "Traynor, Zach:ztraynor"]
[Black "MORE, NIKUNJ:Nikunjmore"]
[Result "1-0"]
[ICCResult "Black checkmated"]
[WhiteElo "1209"]
[BlackElo "774"]
[Opening "Queen's bishop game"]
[ECO "D02"]
[NIC "QP.09"]
[Time "11:03:05"]
[PlyCount "121"]
[TimeControl "2700+10"]

1. Nf3 d5 2. d4 Nf6 3. Bf4 Nc6 4. e3 e6 5. Nbd2 Be7 6. Bd3 O-O 7. c3 b6 8.
Ne5 Bb7 9. g4 Nxe5 10. dxe5 Ne4 11. Qf3 Nxd2 12. Kxd2 f6 13. Qh3 h6 14.
Bxh6 gxh6 15. Qxh6 Rf7 16. g5 fxg5 17. Qxe6 Bc8 18. Bh7+ Kf8 19. Qh6+ Ke8
20. Bg6 Bf8 21. Bxf7+ Kxf7 22. Qh5+ Ke6 23. Qg6+ Kd7 24. e6+ Kd6 25. e7+
Kxe7 26. Qxg5+ Ke8 27. Qxd8+ Kxd8 28. Rhg1 Be6 29. Rg6 Kd7 30. h4 Be7 31.
Rg7 Rh8 32. Rh1 Kd6 33. h5 a5 34. h6 Bf8 35. Rg6 Ke7 36. h7 Bf5 37. Rc6 Kd7
38. Rf6 Bxh7 39. Rf7+ Ke8 40. Rhxh7 Rxh7 41. Rxh7 c5 42. Rb7 d4 43. Rxb6
dxc3+ 44. Kxc3 Bg7+ 45. Kc2 Kd7 46. Rb7+ Kc6 47. Rxg7 Kb5 48. f4 a4 49. a3
c4 50. Kc3 Kc5 51. Rd7 Kc6 52. Rd1 Kc5 53. f5 Kb5 54. f6 Ka5 55. f7 Kb5 56.
f8=Q Kb6 57. Qb4+ Ka6 58. Rd6+ Ka7 59. Qc5+ Ka8 60. Qb5 Ka7 61. Ra6# {
Black checkmated } 1-0

[Event "ICC tourney 2411 (45 10)"]
[Site "Internet Chess Club"]
[Date "2021.02.27"]
[Round "1"]
[White "SKARIAH, ANUSHKA ELIZABETH:kskariah"]
[Black "Sofer, Daniel:DanielSofer"]
[Result "0-1"]
[ICCResult "White checkmated"]
[WhiteElo "1383"]
[BlackElo "987"]
[Opening "KGA: Cunningham defense"]
[ECO "C35"]
[NIC "KG.02"]
[Time "11:02:59"]
[PlyCount "134"]
[TimeControl "2700+10"]

1. e4 e5 2. f4 exf4 3. Nf3 Be7 4. Bc4 Bh4+ 5. Kf1 Nc6 6. d4 d6 7. Bxf4 Bg4
8. c3 Bxf3 9. Qxf3 Qe7 10. g3 Bf6 11. Kg2 O-O-O 12. Re1 d5 13. Bd3 g5 14.
Bd2 dxe4 15. Bxe4 Qd6 16. Qg4+ Kb8 17. Bxg5 Bxg5 18. Qxg5 Re8 19. Qd2 Nf6
20. Bxc6 Qxc6+ 21. Kg1 Rxe1+ 22. Qxe1 Re8 23. Qd1 Qb5 24. b3 c5 25. Na3 Qa5
26. Nc4 Qxc3 27. dxc5 Ne4 28. Rc1 Qf6 29. Qe1 Qd4+ 30. Kg2 Qd5 31. Rd1 Nd2+
32. Kh3 Rxe1 33. Rxe1 Nxc4 34. bxc4 Qxc5 35. Re8+ Kc7 36. Re4 Qf5+ 37. Rg4
Qf1+ 38. Kh4 Qf6+ 39. Kh3 h5 40. Rf4 Qe6+ 41. Kg2 Qe2+ 42. Rf2 Qxc4 43. Kh3
b5 44. a3 a5 45. Rf4 Qe6+ 46. Kh4 Qe7+ 47. Kxh5 Qxa3 48. Rxf7+ Kd8 49. g4
b4 50. g5 b3 51. g6 Ke8 52. Rf5 b2 53. g7 Qh3+ 54. Kg6 Qg2+ 55. Rg5 b1=Q+
56. Kf6 Qbf1+ 57. Rf5 Qxg7+ 58. Kxg7 Qxf5 59. h4 Qh5 60. Kg8 Qxh4 61. Kg7
Qf4 62. Kh7 a4 63. Kh8 a3 64. Kg8 a2 65. Kh7 a1=Q 66. Kg6 Qg1+ 67. Kh7
Qfh2# { White checkmated } 0-1

[Event "ICC tourney 2411 (45 10)"]
[Site "Internet Chess Club"]
[Date "2021.02.27"]
[Round "1"]
[White "RAMPRASAD, UDBHAV:Udbhav10"]
[Black "LA BRECHE, NATHANAEL JOHN:aWildNateDawg"]
[Result "0-1"]
[ICCResult "White checkmated"]
[WhiteElo "650"]
[BlackElo "1165"]
[Opening "Queen's pawn game, Darooha variation "]
[ECO "D02"]
[NIC "QP.08"]
[Time "11:03:07"]
[PlyCount "120"]
[TimeControl "2700+10"]

1. d4 d5 2. Nf3 Nf6 3. Nc3 g6 4. g3 Bg7 5. Bg2 O-O 6. O-O Nc6 7. Bg5 Ne4 8.
Nxe4 dxe4 9. Nh4 f6 10. Be3 g5 11. d5 Nb8 12. Bxe4 gxh4 13. Qd3 f5 14. Bf3
Nd7 15. Qd2 Ne5 16. Bh6 Nxf3+ 17. exf3 Bxh6 18. Qxh6 Rf6 19. Qg5+ Kh8 20.
Rae1 hxg3 21. fxg3 Qf8 22. g4 fxg4 23. fxg4 Rxf1+ 24. Rxf1 Qg7 25. Qf4
Qxg4+ 26. Qg3 Qxg3+ 27. hxg3 Kg7 28. Re1 Kf7 29. Rf1+ Ke8 30. Rd1 Bf5 31.
Rf1 Bg6 32. c4 Kd7 33. c5 Re8 34. b4 e6 35. Re1 exd5 36. Rxe8 Bxe8 37. a4
b6 38. cxb6 cxb6 39. a5 bxa5 40. bxa5 Kc6 41. Kf1 Kb5 42. Ke2 Kxa5 43. Kd3
Kb4 44. Kd4 a5 45. Kd3 Kb3 46. Kd4 a4 47. Kc5 a3 48. Kxd5 a2 49. g4 a1=Q
50. g5 Bf7+ 51. Ke4 Kc4 52. g6 Bxg6+ 53. Ke3 Qd4+ 54. Kf3 Qe4+ 55. Kg3 Kd3
56. Kh3 Ke3 57. Kg3 Qf4+ 58. Kg2 Be4+ 59. Kh3 Qg5 60. Kh2 Qg2# { White
checkmated } 0-1

[Event "ICC tourney 2411 (45 10)"]
[Site "Internet Chess Club"]
[Date "2021.02.27"]
[Round "1"]
[White "SURIYAPRAKASH, SHRUTI:shrutisuriya"]
[Black "DELABRE, TONY:tdelabre62"]
[Result "0-1"]
[ICCResult "White checkmated"]
[WhiteElo "898"]
[BlackElo "1229"]
[Opening "Petrov three knights game"]
[ECO "C42"]
[NIC "RG.01"]
[Time "11:03:06"]
[PlyCount "120"]
[TimeControl "2700+10"]

1. e4 e5 2. Nf3 Nf6 3. Nc3 Bb4 4. d3 Nc6 5. Be2 O-O 6. Bd2 d6 7. h3 h6 8.
O-O a6 9. a3 Bc5 10. Be3 Nd4 11. Na4 Ba7 12. Qd2 Nxe2+ 13. Qxe2 Be6 14. c4
Qd7 15. Kh2 Qxa4 16. Nh4 Bxe3 17. fxe3 Rad8 18. Qf3 Nh7 19. Nf5 Ng5 20. Qf2
Qd7 21. h4 Nh7 22. Rac1 Bxf5 23. exf5 Nf6 24. Qf3 c6 25. Rcd1 Qc7 26. Qg3
Qb8 27. e4 d5 28. cxd5 cxd5 29. Rde1 Nh5 30. Qf3 Nf6 31. Qg3 dxe4 32. dxe4
Rd4 33. Qf3 Rfd8 34. Kh1 Rd3 35. Qe2 Rd2 36. Qf3 Rxb2 37. Rd1 Rxd1 38. Rxd1
Qc7 39. Re1 Qc2 40. Kg1 Rb3 41. Qe2 Qxe2 42. Rxe2 Rxa3 43. Re1 Ra4 44. Rb1
b5 45. Kh2 Rxe4 46. Ra1 Ra4 47. Rxa4 bxa4 48. Kg3 a3 49. Kf3 a2 50. Ke3
a1=Q 51. Kf3 Qf1+ 52. Ke3 a5 53. Kd2 a4 54. Kc3 e4 55. Kd4 a3 56. Ke5 a2
57. Kd6 a1=Q 58. Kc5 Qfc1+ 59. Kd6 Qd4+ 60. Ke7 Qd7# { White checkmated }
0-1

[Event "ICC tourney 2411 (45 10)"]
[Site "Internet Chess Club"]
[Date "2021.02.27"]
[Round "1"]
[White "Peckham, Duncan:Duncanp123"]
[Black "DIXIT, RAAJAS KUNAL:raadix028"]
[Result "1-0"]
[ICCResult "Black checkmated"]
[WhiteElo "1327"]
[BlackElo "935"]
[Opening "French: advance, Paulsen attack"]
[ECO "C02"]
[NIC "FR.03"]
[Time "11:03:05"]
[PlyCount "83"]
[TimeControl "2700+10"]

1. e4 e6 2. d4 d5 3. e5 c5 4. c3 Nc6 5. Nf3 Qb6 6. Be2 Nge7 7. Nbd2 cxd4 8.
cxd4 Nxd4 9. O-O Nec6 10. Re1 Bc5 11. Bf1 Nb4 12. Nxd4 Bxd4 13. Kh1 Bxf2
14. Re2 Nd3 15. Nf3 Nb4 16. Bd2 Nc6 17. a4 Bc5 18. a5 Qxb2 19. Be1 Qb5 20.
Rf2 Bxf2 21. Bxb5 Bc5 22. Rc1 Ba3 23. Rxc6 bxc6 24. Bxc6+ Bd7 25. Bxa8 O-O
26. Bb7 Rb8 27. a6 Bc5 28. Nd4 Bb6 29. h3 h6 30. Bb4 Bc7 31. Bd6 Bxd6 32.
exd6 e5 33. Nc6 Bxc6 34. Bxc6 Rb6 35. Qxd5 Rb8 36. d7 Rd8 37. Bb5 Kf8 38.
Bc4 Kg8 39. Qxf7+ Kh7 40. Bd3+ Kh8 41. Qe8+ Rxe8 42. dxe8=Q# { Black
checkmated } 1-0

[Event "ICC tourney 2411 (45 10)"]
[Site "Internet Chess Club"]
[Date "2021.02.27"]
[Round "2"]
[White "SAPRU, AGASTYA:auggie29"]
[Black "TORRALVA, ANTHONY:chesslife06"]
[Result "1-0"]
[ICCResult "Black checkmated"]
[WhiteElo "1306"]
[BlackElo "1138"]
[Opening "Queen's pawn: London system"]
[ECO "A45"]
[NIC "QP.05"]
[Time "13:31:46"]
[PlyCount "27"]
[TimeControl "2700+10"]

1. d4 Nf6 2. Bf4 e6 3. Nf3 Bb4+ 4. c3 Ba5 5. Nbd2 O-O 6. e4 Nc6 7. Bg5 d5
8. e5 h6 9. Bh4 g5 10. Nxg5 hxg5 11. Bxg5 Kh8 12. Bxf6+ Kh7 13. Qh5+ Kg8
14. Qh8# { Black checkmated } 1-0

[Event "ICC tourney 2411 (45 10)"]
[Site "Internet Chess Club"]
[Date "2021.02.27"]
[Round "2"]
[White "HAN, DANIEL YUHAO:DanielHan"]
[Black "STALEY, TIMOTHY:PirateKing"]
[Result "1-0"]
[ICCResult "Black resigns"]
[WhiteElo "598"]
[BlackElo "922"]
[Opening "Caro-Kann: classical, 6.h4"]
[ECO "B18"]
[NIC "CK.11"]
[Time "13:31:48"]
[PlyCount "137"]
[TimeControl "2700+10"]

1. e4 c6 2. d4 d5 3. Nd2 dxe4 4. Nxe4 Bf5 5. Ng3 Bg6 6. h4 h5 7. Nf3 e6 8.
Ne5 Nd7 9. Be2 Nxe5 10. dxe5 Qxd1+ 11. Bxd1 O-O-O 12. O-O Bc5 13. Bd2 Rxd2
14. Ne4 Rd5 15. Nxc5 Rxc5 16. c3 Bd3 17. Re1 Ne7 18. Be2 Bxe2 19. Rxe2 Nd5
20. Rd1 Nf4 21. Red2 Ng6 22. b4 Rxe5 23. g3 Rd5 24. Rxd5 exd5 25. Rd3 Ne5
26. Re3 f6 27. Re1 Nd3 28. Re7 Rg8 29. a3 a6 30. f4 f5 31. Rf7 g6 32. a4 c5
33. bxc5 Nxc5 34. a5 Nb3 35. Re7 Nxa5 36. Re5 Rd8 37. Re6 Nc4 38. Rxg6 d4
39. cxd4 Rxd4 40. Rg5 Rd3 41. Rxh5 Rxg3+ 42. Kf2 Rg4 43. Rxf5 Rxh4 44. Rf8+
Kc7 45. f5 Rf4+ 46. Kg3 Nd6 47. Kxf4 Kd7 48. f6 Ke6 49. Kg5 Nf7+ 50. Kg6
Ne5+ 51. Kg7 b5 52. Re8+ Kd7 53. Rxe5 Kd6 54. Rg5 b4 55. f7 b3 56. f8=Q+
Kc6 57. Rg6+ Kb5 58. Qf6 Ka4 59. Qa1+ Kb4 60. Rg4+ Kb5 61. Qb1 Kc5 62. Qxb3
a5 63. Rg6 a4 64. Qxa4 Kd5 65. Rg5+ Ke6 66. Qe4+ Kd7 67. Rd5+ Kc7 68. Qc4+
Kb7 69. Rb5+ { Black resigns } 1-0

[Event "ICC tourney 2411 (45 10)"]
[Site "Internet Chess Club"]
[Date "2021.02.27"]
[Round "2"]
[White "AHN, WILLIAM TK:kitook"]
[Black "RALLS, GREG:GRPianoman"]
[Result "1-0"]
[ICCResult "Black resigns"]
[WhiteElo "659"]
[BlackElo "987"]
[Opening "Sicilian defense"]
[ECO "B32"]
[NIC "SI.31"]
[Time "13:32:02"]
[PlyCount "37"]
[TimeControl "2700+10"]

1. e4 c5 2. Nf3 Nc6 3. d4 e6 4. Be3 d6 5. Nc3 Nf6 6. Qd2 cxd4 7. Nxd4 Nxd4
8. Bxd4 e5 9. Be3 Bg4 10. f3 Bh5 11. O-O-O Be7 12. g4 Bg6 13. h4 h5 14. g5
Nd7 15. f4 exf4 16. Bxf4 Qa5 17. Bxd6 Bxd6 18. Qxd6 Rd8 19. Bb5 { Black
resigns } 1-0